TOP OF THE 1ST |
Galesburg Guzzlers batting - Pitching for Kennesaw Jets : RHP Sergio Reyes
|
Pitching: RHP Sergio Reyes
|
|
Batting: RHB Tony Martínez
|
0-0: Ball 1-0: Swinging Strike 1-1: SINGLE (Groundball, 56S) (infield hit)
|
Batting: RHB Jack Stidston
|
0-0: SINGLE (Groundball, 34D) Tony Martínez to second Runner from 2nd tries for 3rd, SAFE, no throw
|
Batting: RHB Fletcher Megarity
|
0-0: Ball 1-0: Fly out, F7 (Line Drive, 7D) Runner from 3rd tags up, SCORES, no throw
|
Batting: RHB Bastiaan Pieterse
|
0-0: Ball 1-0: Ball 2-0: Ball Jack Stidston is caught stealing 2nd base 3-0: Called Strike 3-1: Foul Ball, location: 2F 3-2: Strikes out swinging
|
Top of the 1st over - 1 run, 2 hits, 0 errors, 0 left on base; Galesburg 1 - Kennesaw 0 |
BOTTOM OF THE 1ST |
Kennesaw Jets batting - Pitching for Galesburg Guzzlers : LHP Mike McKay
|
Pitching: LHP Mike McKay
|
|
Batting: RHB Diego Romero
|
0-0: Swinging Strike 0-1: Ground out 6-3 (Groundball, 6)
|
Batting: RHB Javier De La Garza
|
0-0: Ball 1-0: Ball 2-0: Foul Ball, location: 2F 2-1: SINGLE (Groundball, 34D)
|
Batting: RHB Lester Kwiatkowski
|
0-0: Called Strike 0-1: Ball 1-1: Ball 2-1: Grounds into double play, 6-4-3 (Groundball, 6)
|
Bottom of the 1st over - 0 runs, 1 hit, 0 errors, 0 left on base; Galesburg 1 - Kennesaw 0 |
TOP OF THE 2ND |
Galesburg Guzzlers batting - Pitching for Kennesaw Jets : RHP Sergio Reyes
|
Batting: RHB Janghyun Yi
|
0-0: Swinging Strike 0-1: Fly out, F6 (Popup, 56)
|
Batting: RHB Pacu Martic
|
0-0: Ball 1-0: Called Strike 1-1: Foul Ball, location: 2F 1-2: Strikes out swinging
|
Batting: SHB Louie Vipont
|
0-0: Fly out, F7 (Flyball, 7S)
|
Top of the 2nd over - 0 runs, 0 hits, 0 errors, 0 left on base; Galesburg 1 - Kennesaw 0 |
BOTTOM OF THE 2ND |
Kennesaw Jets batting - Pitching for Galesburg Guzzlers : LHP Mike McKay
|
Batting: RHB Renato Zuvic
|
0-0: Ball 1-0: Foul Ball, location: 2F 1-1: Swinging Strike 1-2: Ball 2-2: Foul Ball, location: 2F 2-2: Strikes out looking
|
Batting: RHB Tomás Gonzáles
|
0-0: Ball 1-0: Ball 2-0: Ground out U3 (Groundball, 34)
|
Batting: RHB Jason Hopdown
|
0-0: Called Strike 0-1: Called Strike 0-2: Ball 1-2: Foul Ball, location: 2F 1-2: SINGLE (Line Drive, 6MD)
|
Batting: RHB Mike Johnson
|
0-0: Ball 1-0: Foul Ball, location: 2F 1-1: Ball 2-1: Ground out 4-3 (Groundball, 34)
|
Bottom of the 2nd over - 0 runs, 1 hit, 0 errors, 1 left on base; Galesburg 1 - Kennesaw 0 |
TOP OF THE 3RD |
Galesburg Guzzlers batting - Pitching for Kennesaw Jets : RHP Sergio Reyes
|
Batting: RHB Yu-shu Tseng
|
0-0: SINGLE (Line Drive, 89S)
|
Batting: RHB Derek Bouch
|
0-0: Ball Throwing error on steal attempt, E2 Yu-shu Tseng to third 1-0: DOUBLE (Line Drive, 7LM) Yu-shu Tseng scores
|
Batting: RHB Tony Martínez
|
0-0: Ground out 6-3 (Groundball, 6)
|
Batting: RHB Jack Stidston
|
0-0: Called Strike 0-1: Called Strike 0-2: Fly out, F8 (Flyball, 8LM)
|
Batting: RHB Fletcher Megarity
|
0-0: Fly out, F8 (Flyball, 8RS)
|
Top of the 3rd over - 1 run, 2 hits, 1 error, 1 left on base; Galesburg 2 - Kennesaw 0 |
BOTTOM OF THE 3RD |
Kennesaw Jets batting - Pitching for Galesburg Guzzlers : LHP Mike McKay
|
Batting: LHB Félix Calixto
|
0-0: Called Strike 0-1: Ball 1-1: Called Strike 1-2: Strikes out looking
|
Batting: RHB Ralph Sands
|
0-0: Fly out, F9 (Flyball, 89S)
|
Batting: RHB Diego Romero
|
0-0: Called Strike 0-1: Ball 1-1: Fly out, F9 (Flyball, 9)
|
Bottom of the 3rd over - 0 runs, 0 hits, 0 errors, 0 left on base; Galesburg 2 - Kennesaw 0 |
TOP OF THE 4TH |
Galesburg Guzzlers batting - Pitching for Kennesaw Jets : RHP Sergio Reyes
|
Batting: RHB Bastiaan Pieterse
|
0-0: Ball 1-0: Called Strike 1-1: Swinging Strike 1-2: Ball 2-2: Foul Ball, location: 2F 2-2: Strikes out swinging
|
Batting: RHB Janghyun Yi
|
0-0: Ground out 5-3 (Groundball, 56)
|
Batting: RHB Pacu Martic
|
0-0: Ground out 5-3 (Groundball, 56)
|
Top of the 4th over - 0 runs, 0 hits, 0 errors, 0 left on base; Galesburg 2 - Kennesaw 0 |
BOTTOM OF THE 4TH |
Kennesaw Jets batting - Pitching for Galesburg Guzzlers : LHP Mike McKay
|
Batting: RHB Javier De La Garza
|
0-0: Ball 1-0: Foul Ball, location: 2F 1-1: Ground out 1-3 (Groundball, 15S)
|
Batting: RHB Lester Kwiatkowski
|
0-0: Called Strike 0-1: Ball 1-1: Ball 2-1: Ball 3-1: Foul Ball, location: 2F 3-2: Fly out, F3 (Line Drive, 3)
|
Batting: RHB Renato Zuvic
|
0-0: Ground out 6-3 (Groundball, 6)
|
Bottom of the 4th over - 0 runs, 0 hits, 0 errors, 0 left on base; Galesburg 2 - Kennesaw 0 |
TOP OF THE 5TH |
Galesburg Guzzlers batting - Pitching for Kennesaw Jets : RHP Sergio Reyes
|
Batting: SHB Louie Vipont
|
0-0: Called Strike 0-1: Ball 1-1: Ball 2-1: Ball 3-1: Ground out 4-3 (Groundball, 34)
|
Batting: RHB Yu-shu Tseng
|
0-0: Ball 1-0: Foul Ball, location: 2F 1-1: Called Strike 1-2: Foul Ball, location: 2F 1-2: Strikes out swinging
|
Batting: RHB Derek Bouch
|
0-0: Called Strike 0-1: Ball 1-1: Fly out, F9 (Flyball, 89D)
|
Top of the 5th over - 0 runs, 0 hits, 0 errors, 0 left on base; Galesburg 2 - Kennesaw 0 |
BOTTOM OF THE 5TH |
Kennesaw Jets batting - Pitching for Galesburg Guzzlers : LHP Mike McKay
|
Batting: RHB Tomás Gonzáles
|
0-0: Ball 1-0: Ball 2-0: Ball 3-0: Called Strike 3-1: Fly out, F7 (Line Drive, 78M)
|
Batting: RHB Jason Hopdown
|
0-0: Ball 1-0: Ball 2-0: Called Strike 2-1: Fly out, F7 (Flyball, 7)
|
Batting: RHB Mike Johnson
|
0-0: Called Strike 0-1: SINGLE (Line Drive, 4MD)
|
Batting: LHB Félix Calixto
|
0-0: Foul Ball, location: 2F 0-1: Ball 1-1: Ball 2-1: Ground out 4-3 (Groundball, 4MS)
|
Bottom of the 5th over - 0 runs, 1 hit, 0 errors, 1 left on base; Galesburg 2 - Kennesaw 0 |
TOP OF THE 6TH |
Galesburg Guzzlers batting - Pitching for Kennesaw Jets : RHP Sergio Reyes
|
Batting: RHB Tony Martínez
|
0-0: Ball 1-0: Ball 2-0: Ball 3-0: Base on Balls
|
Batting: RHB Jack Stidston
|
0-0: Ball Tony Martínez steals 2nd base 1-0: Ball Tony Martínez steals 3rd base 2-0: Called Strike 2-1: Called Strike 2-2: Fly out, F8 (Flyball, 8RS) Runner from 3rd tags up, SCORES, no throw
|
Batting: RHB Fletcher Megarity
|
0-0: Ground out 6-3 (Groundball, 6)
|
Batting: RHB Bastiaan Pieterse
|
0-0: Ball 1-0: Ball 2-0: Ball 3-0: Called Strike 3-1: Foul Ball, location: 2F 3-2: SINGLE (Groundball, 6MD)
|
Batting: RHB Janghyun Yi
|
0-0: Called Strike 0-1: Swinging Strike 0-2: Foul Ball, location: 2F 0-2: Ground out 1-3 (Groundball, 13)
|
Top of the 6th over - 1 run, 1 hit, 0 errors, 1 left on base; Galesburg 3 - Kennesaw 0 |
BOTTOM OF THE 6TH |
Kennesaw Jets batting - Pitching for Galesburg Guzzlers : LHP Mike McKay
|
Batting: RHB Ralph Sands
|
0-0: Ball 1-0: Ground out 4-3 (Groundball, 4)
|
Batting: RHB Diego Romero
|
0-0: Ball 1-0: Foul Ball, location: 2F 1-1: Ball 2-1: Foul Ball, location: 2F 2-2: Fly out, F7 (Line Drive, 7LM)
|
Batting: RHB Javier De La Garza
|
0-0: Called Strike 0-1: Called Strike 0-2: Ball 1-2: Ball 2-2: Ground out 3-1 (Groundball, 34)
|
Bottom of the 6th over - 0 runs, 0 hits, 0 errors, 0 left on base; Galesburg 3 - Kennesaw 0 |
TOP OF THE 7TH |
Galesburg Guzzlers batting - Pitching for Kennesaw Jets : RHP Sergio Reyes
|
Batting: RHB Pacu Martic
|
0-0: Ball 1-0: Swinging Strike 1-1: SINGLE (Line Drive, 4MD)
|
Batting: SHB Louie Vipont
|
0-0: Bunt - Flyout! F3
|
Batting: RHB Yu-shu Tseng
|
0-0: Called Strike 0-1: Ball 1-1: Fly out, F7 (Flyball, 7LD)
|
Batting: RHB Derek Bouch
|
0-0: SINGLE (Line Drive, 6MD) Pacu Martic to second
|
Batting: RHB Tony Martínez
|
0-0: Called Strike 0-1: Swinging Strike 0-2: Ball 1-2: Ground out 5-3 (Groundball, 56S)
|
Top of the 7th over - 0 runs, 2 hits, 0 errors, 2 left on base; Galesburg 3 - Kennesaw 0 |
BOTTOM OF THE 7TH |
Kennesaw Jets batting - Pitching for Galesburg Guzzlers : LHP Mike McKay
|
Batting: RHB Lester Kwiatkowski
|
0-0: SINGLE (Line Drive, 6M)
|
Batting: RHB Renato Zuvic
|
0-0: Fielders Choice at 2nd, 2-6 (Groundball, 2R)
|
Batting: RHB Tomás Gonzáles
|
0-0: Fly out, F9 (Flyball, 9LMF)
|
Batting: RHB Jason Hopdown
|
0-0: Ball Renato Zuvic steals 2nd base 1-0: Called Strike 1-1: Ground out 6-3 (Groundball, 6)
|
Bottom of the 7th over - 0 runs, 1 hit, 0 errors, 1 left on base; Galesburg 3 - Kennesaw 0 |
TOP OF THE 8TH |
Galesburg Guzzlers batting - Pitching for Kennesaw Jets : RHP Sergio Reyes
|
Batting: RHB Jack Stidston
|
0-0: Fly out, F9 (Flyball, 89S)
|
Batting: RHB Fletcher Megarity
|
0-0: Ball 1-0: SINGLE (Flyball, 9S)
|
Batting: RHB Bastiaan Pieterse
|
0-0: Called Strike 0-1: Ball 1-1: Ball 2-1: Fly out, F8 (Flyball, 8LD)
|
Batting: RHB Janghyun Yi
|
0-0: Foul Ball, location: 2F 0-1: Swinging Strike 0-2: Ball 1-2: Strikes out swinging
|
Top of the 8th over - 0 runs, 1 hit, 0 errors, 1 left on base; Galesburg 3 - Kennesaw 0 |
BOTTOM OF THE 8TH |
Kennesaw Jets batting - Pitching for Galesburg Guzzlers : LHP Mike McKay
|
Batting: RHB Mike Johnson
|
0-0: Ball 1-0: Ball 2-0: Ball 3-0: Base on Balls
|
Batting: LHB Félix Calixto
|
0-0: Called Strike 0-1: Ball 1-1: Ball 2-1: Foul Ball, location: 2F 2-2: Foul Ball, location: 2F 2-2: Ball 3-2: Strikes out swinging
|
Batting: RHB Ralph Sands
|
0-0: Ball 1-0: Ball 2-0: Called Strike 2-1: Ball 3-1: Swinging Strike 3-2: Strikes out swinging
|
Batting: RHB Diego Romero
|
0-0: Called Strike 0-1: Foul Ball, location: 2F 0-2: Ball 1-2: Fly out, F8 (Flyball, 89D)
|
Bottom of the 8th over - 0 runs, 0 hits, 0 errors, 1 left on base; Galesburg 3 - Kennesaw 0 |
TOP OF THE 9TH |
Galesburg Guzzlers batting - Pitching for Kennesaw Jets : RHP Sergio Reyes
|
Pitching: RHP Travis Arai
|
|
Batting: RHB Pacu Martic
|
0-0: Foul Ball, location: 2F 0-1: Ball 1-1: Called Strike 1-2: Ball 2-2: Foul Ball, location: 2F 2-2: Strikes out swinging
|
Batting: SHB Louie Vipont
|
0-0: Called Strike 0-1: SINGLE (Groundball, 6MD)
|
Batting: RHB Yu-shu Tseng
|
0-0: Foul Ball, location: 2F 0-1: Foul Ball, location: 2F 0-2: Ball 1-2: Ball 2-2: Strikes out looking
|
Batting: RHB Derek Bouch
|
0-0: Ball 1-0: Ball 2-0: Foul Ball, location: 2F 2-1: SINGLE (Groundball, 56D) Louie Vipont to second
|
Batting: RHB Tony Martínez
|
0-0: Ball 1-0: Called Strike 1-1: Ball 2-1: Swinging Strike 2-2: Foul Ball, location: 2F 2-2: SINGLE (Line Drive, 56) Louie Vipont to third Derek Bouch to second Runner from 3rd tries for Home, SAFE, throw made home
|
Batting: RHB Jack Stidston
|
0-0: SINGLE (Line Drive, 78S) Derek Bouch to third Tony Martínez to second
|
Batting: RHB Fletcher Megarity
|
0-0: Ball 1-0: Ground out 4-3 (Groundball, 4)
|
Top of the 9th over - 1 run, 4 hits, 0 errors, 3 left on base; Galesburg 4 - Kennesaw 0 |
BOTTOM OF THE 9TH |
Kennesaw Jets batting - Pitching for Galesburg Guzzlers : LHP Mike McKay
|
Batting: RHB Javier De La Garza
|
0-0: Ball 1-0: Ball 2-0: Foul Ball, location: 2F 2-1: Ball 3-1: Base on Balls
|
Pitching: LHP Steve Wortley
|
|
Batting: RHB Lester Kwiatkowski
|
0-0: Fly out, F9 (Flyball, 89D)
|
Batting: RHB Renato Zuvic
|
0-0: Fly out, F9 (Flyball, 9LSF)
|
Batting: RHB Tomás Gonzáles
|
0-0: Ball Wild Pitch! Javier De La Garza to second 1-0: Called Strike 1-1: Foul Ball, location: 2F 1-2: Ground out 6-3 (Groundball, 6S)
|
Bottom of the 9th over - 0 runs, 0 hits, 0 errors, 1 left on base; Galesburg 4 - Kennesaw 0 |
|